 Dungeon Crawl Stone Soup version 0.31-a0-848-gaac375c287 (console) character file.

Game seed: 1033490890805941884

6 capslocke the Changeling (level 1, 0/15 HPs)
             Began as a Merfolk Shapeshifter on Oct 5, 2023.
             Slain by a goblin
             ... wielding a +0 club
              (3 damage)
             ... on level 1 of the Dungeon.
             The game lasted 00:01:16 (154 turns).

capslocke the Changeling (Merfolk Shapeshifter)      Turns: 154, Time: 00:01:18

Health: 0/15       AC:  2    Str: 14    XL:     1   Next: 90%
Magic:  1/1        EV: 12    Int:  9    God:
Gold:   8          SH:  0    Dex: 13    Spells: 0/0 levels left

rFire   . . .        e - +2 dagger (speed)
rCold   . . .        (no shield)
rNeg    . . .        a - +0 animal skin
rPois   .            (helmet currently unavailable)
rElec   .            (cloak currently unavailable)
rCorr   .            (gloves currently unavailable)
SInv    .            (boots currently unavailable)
Will    .....        (no amulet)
Stlth   +            (no ring)
HPRegen 0.22/turn    (no ring)
MPRegen 0.07/turn

%: no passive effects
@: beast-form
A: beast (slay +2), (nimble swimmer 2), mertail
a: Begin Untransformation


You were on level 1 of the Dungeon.
You were a hulking beast.
You visited 1 branch of the dungeon, and saw 1 of its levels.

You collected 8 gold pieces.

Inventory:

Hand Weapons
 e - a +2 dagger of speed (weapon)
Armour
 a - a +0 animal skin (worn)
Talismans
 c - a beast talisman (active)
 d - a flux talisman
Scrolls
 f - a scroll of identify {unknown}
Potions
 b - a potion of lignification
 g - a potion of degeneration {unknown}


   Skills:
 + Level 1.1 Fighting
 + Level 2.9 Dodging
 + Level 3.3 Unarmed Combat
 + Level 4.3 Shapeshifting


You couldn't memorise any spells.
You didn't know any spells.
Your spell library was empty.

Dungeon Overview and Level Annotations

Branches:
Dungeon (1/15)

Altars:


Innate Abilities, Weirdness & Mutations

You are a hulking beast.
Your limbs bulge with bestial killing power. (Slay +2)
((You are very nimble when in or above water. (Stealth+, EV+, Speed+++)))
Your lower body shifts to a powerful aquatic tail in water.


Message History

Found a scroll labelled SUCOSI PEDOPRE.
There is a faded altar of an unknown god here.
Okay, then.
This altar belongs to (a) Yredelemnul, (b) Gozag or (c) Makhleb, but you can't tell which.
Press the corresponding letter to learn more about a god, or press enter to convert or escape to cancel.
Okay, then.
f - a scroll labelled SUCOSI PEDOPRE
There is a faded altar of an unknown god here.
g - a murky ruby potion A dart slug comes into view.
A hobgoblin and a goblin come into view.
The hobgoblin shouts!
The goblin shouts!
You hear a bark!
The dart slug launches a dart at you. The slug dart misses you.
A jackal comes into view.
Found a stone staircase leading down.
The jackal barks!
A jackal comes into view.
You closely miss the hobgoblin.
A jackal comes into view. x2
You closely miss the hobgoblin. The hobgoblin hits you.
The dart slug launches a dart at you. The slug dart hits you.
The jackal barks!
You hit the hobgoblin but do no damage. The hobgoblin misses you.
The hobgoblin attacks as it pursues you!
The hobgoblin hits you. The goblin completely misses you.
You barely miss the hobgoblin. You hit the hobgoblin.
You kill the hobgoblin!
The goblin hits you with a +0 club.
* * * LOW HITPOINT WARNING * * *
The jackal completely misses you. The goblin attacks as it pursues you!
The goblin barely misses you. The jackal attacks as it pursues you!
The jackal bites you.
* * * LOW HITPOINT WARNING * * *
The goblin attacks as it pursues you! The goblin closely misses you.
You see here a bat corpse.
The goblin attacks as it pursues you! The goblin hits you with a +0 club.
You die...

#....#########
####..........##
#.....†......§§#
#####h.....§§_.#
#w.....§§§.#
#hh....§§###
#h.......#
#g.......#
#h.......#
#........#
#†######## #.#
#.# #.# #.# #.#
#.#


You could see a dart slug, 4 jackals and a goblin.

Vanquished Creatures
  A goblin (D:1)
  A hobgoblin (D:1)
  2 ball pythons (D:1)
  2 bats (D:1)
6 creatures vanquished.

Notes
Turn   | Place    | Note
-------+----------+-------------------------------------------
     0 | D:1      | capslocke the Merfolk Shapeshifter began the quest for the
                  | Orb.
     0 | D:1      | Reached XP level 1. HP: 15/15 MP: 1/1
   118 | D:1      | Found a faded altar of an unknown god.
   154 | D:1      | Slain by a goblin

Illustrated notes

Levels and vault maps discovered:
D:1:      dpeg_arrival_connections, layout_basic, ebering_ecumenical_altar_mist

Action                     || total
---------------------------++-------
  Melee: Unarmed           ||    15
         Dagger            ||     7
 Armour: Animal skin       ||    21
  Dodge: Dodged            ||    21

Table legend: (Time is in decaauts)
 A = Elapsed time spent in this place.
 B = Non-inter-level travel time spent in this place.
 C = Inter-level travel time spent in this place.
 D = Time resting spent in this place.
 E = Time spent auto-exploring this place.
 F = Levels seen in this place.
 G = Mean time per level.
                   A        B        C        D        E       F      G
               +--------+--------+--------+--------+--------+-----+--------+
         Total |    150 |    150 |      0 |     60 |     26 |   1 |  150.0 |
       Dungeon |    150 |    150 |      0 |     60 |     26 |   1 |  150.0 |
               +--------+--------+--------+--------+--------+-----+--------+

Top non-repeatable levels by time:
     D:1: 150 daAuts
